 Dungeon Crawl Stone Soup version 0.29.1-2-gbd0b4ee654 (webtiles) character file.

Game seed: 9653400002782253389

96 GorkyZ the Covered (level 4, -1/40 HPs)
             Began as a Hill Orc Fighter on Nov 11, 2022.
             Killed by nerve-wracking pain
             ... invoked by Jessica
              (10 damage)
             ... on level 2 of the Dungeon.
             The game lasted 00:05:54 (1718 turns).

GorkyZ the Covered (Hill Orc Fighter)               Turns: 1718, Time: 00:05:54

Health: -1/40      AC: 12    Str: 20    XL:     4   Next: 67%
Magic:  4/4        EV:  7    Int:  8    God:
Gold:   80         SH:  4    Dex: 10    Spells: 3/3 levels left

rFire   . . .      SeeInvis .   a - +0 flail
rCold   . . .      Faith    .   c - +0 buckler
rNeg    . . .      Spirit   .   h - +0 chain mail
rPois   .          Reflect  .   s - +2 helmet
rElec   .          Harm     .   (no cloak)
rCorr   .          Rampage  .   (no gloves)
Will    .....                   (no boots)
Stlth   ..........              (no amulet)
HPRegen 0.13/turn               (no ring)
MPRegen 0.09/turn               (no ring)

@: no status effects
A: no striking features
a: no special abilities


You were on level 2 of the Dungeon.
You visited 1 branch of the dungeon, and saw 2 of its levels.

You collected 80 gold pieces.

Inventory:

Hand Weapons
 a - a +0 flail (weapon)
Armour
 b - a +0 scale mail
 c - a +0 buckler (worn)
 h - a +0 chain mail (worn)
 n - a +0 leather armour
 s - a +2 helmet (worn)
Wands
 r - a wand of iceblast (9)
Scrolls
 k - 3 scrolls of fear {unknown}
 l - a scroll of torment {unknown}
 o - a scroll of identify {unknown}
Potions
 d - a potion of might
 e - 2 potions of attraction {unknown}
 f - a potion of magic {unknown}
 g - 2 potions of curing {unknown}
 i - 2 potions of flight {unknown}
 j - a potion of mutation {unknown}
 m - a potion of resistance {unknown}
 p - a potion of degeneration {unknown}
 q - a potion of heal wounds {unknown}


   Skills:
 + Level 4.1 Fighting
 + Level 3.4 Maces & Flails
 + Level 4.3 Armour
 + Level 3.7 Shields


You had 3 spell levels left.
You didn't know any spells.
Your spell library was empty.

Dungeon Overview and Level Annotations

Branches:
Dungeon (2/15)

Altars:

Annotations:
D:2 Jessica, Natasha


Message History

You kill Natasha!
Natasha growls in agony!
You feel yourself speed up.
Natasha, Servant of Life and Death comes into view.
Natasha casts a spell at you.
The magic dart hits you but does no damage.
Natasha casts a spell at you.
The magic dart hits you but does no damage.
Natasha mewls in sadness.
Natasha mumbles some strange words.
You see here 14 gold pieces.
Natasha casts a spell at you.
The magic dart hits you but does no damage.
Found an orange potion.
Natasha howls an incantation.
You feel troubled.
Jessica the Apprentice Sorceress comes into view.
She is wielding a +0 dagger of venom and wearing a +1 robe of fire resistance.
Jessica shouts!
Natasha wildly gestures.
Natasha glows brightly for a moment.
Natasha claws you but does no damage.
You closely miss Natasha. Natasha claws you but does no damage.
You closely miss Natasha. Natasha claws you! Natasha claws you.
* * * LOW HITPOINT WARNING * * *
You are too injured to fight recklessly!
You are too injured to fight recklessly!
You are too injured to fight recklessly!
You are too injured to fight recklessly!
You are too injured to fight recklessly!
You are too injured to fight recklessly!
You completely miss Natasha.
Jessica mumbles some strange words.
Jessica seems to speed up.
Natasha mumbles some strange words.
Something shouts, "Back with thee, thou peeagling moon-mazed bugbear!"
You hit Natasha.
Natasha is moderately wounded.
Jessica points at you and mumbles some strange words.
Pain shoots through your body!
You die...

....#..##.........##
..................#
#......#...#####..# ###..
.............###h##.....#
...##..##.##....$........
#...##....<............#
#......#.....#####...##
###............###...##
####.#.###....5h@..@...#
.....[<# #.#.##..........
.......###)#.....##......
........).)....... ......
........##.#####... .....
......###..# ##.#......
..(... ##.## .##.....
......##..# .# .!...
......#..##


You could see Natasha, a shadow imp (summoned) and Jessica (fast).

Vanquished Creatures
  Natasha (twice) (D:2)
  An adder (D:2)
  4 bats (D:1)
  3 endoplasms
  A giant cockroach (D:1)
  5 goblins
  4 hobgoblins
  9 kobolds
  A quokka (D:1)
  2 ball pythons
  A frilled lizard (D:1)
  3 rats
36 creatures vanquished.

Notes
Turn   | Place    | Note
-------+----------+-------------------------------------------
     0 | D:1      | GorkyZ the Hill Orc Fighter began the quest for the Orb.
     0 | D:1      | Reached XP level 1. HP: 19/19 MP: 1/1
   397 | D:1      | Reached XP level 2. HP: 19/27 MP: 2/2
   913 | D:1      | Reached XP level 3. HP: 27/33 MP: 3/3
  1603 | D:2      | Noticed Natasha
  1620 | D:2      | Killed Natasha
  1621 | D:2      | Reached XP level 4. HP: 16/40 MP: 4/4
  1651 | D:2      | Noticed Natasha
  1665 | D:2      | Killed Natasha
  1691 | D:2      | Noticed Natasha
  1713 | D:2      | Noticed Jessica
  1718 | D:2      | Killed from afar by Jessica

Illustrated notes

Levels and vault maps discovered:
D:1:      dpeg_arrival_radiant, layout_rooms
D:2:      layout_rooms, hellmonk_ecumenical_altar_slurped_away, uniq_natasha,
          uniq_jessica

Skill      XL: |  1  2  3 |
---------------+----------+-----
Fighting       | 4 |  4.1
Armour         | 4 |  4.3
Maces & Flails | 3 |  3.4
Shields        | |  3.7

Action                   |  1- 3 |  4- 6 || total
-------------------------+-------+-------++-------
Melee: Flail             |   148 |    13 ||   161
Armor: Scale mail        |    44 |       ||    44
       Chain mail        |    53 |    11 ||    64
Dodge: Dodged            |    73 |     3 ||    76
Block: Buckler           |    42 |     5 ||    47
